 Dungeon Sprint DCSS version 0.21.1-1-g345015f (webtiles) character file.

309 Psiloshibe the Fighter (level 6, 0/87 HPs)
             Began as a Barachi Fighter on June 23, 2018.
             Was a Believer of Trog.
             Slain by Abous the pandemonium lord (3 damage)
             ... in the Dungeon (Sprint V: "Ziggurat Sprint").
             The game lasted 00:03:01 (154 turns).

Psiloshibe the Fighter (Barachi Fighter)             Turns: 154, Time: 00:03:01

Health: 0/87       AC: 29    Str: 37    XL:     6   Next: 41%
Magic:  6/6        EV:  2    Int:  8    God:    Trog [**....]
Gold:   0          SH: 31    Dex: 11    Spells: 5/5 levels left

rFire    + . .     SeeInvis .   a - +6 shillelagh "Devastator" {shatter}
rCold    + . .     Gourm    .   x - +18 shield of the Gong {rElec rN+ MR+ EV-5}
rNeg     + . .     Faith    .   w - +15 Maxwell's patent armour {-Cast -Tele rElec MR+ rCorr}
rPois    +         Spirit   .   (no helmet)
rElec    +         Reflect  .   (no cloak)
rCorr    +         Harm     .   (no gloves)
MR       ++++.     NoTele   +   (no boots) Stlth ..........NoCast +
                                (no amulet)
HPRegen  1.24/turn              A - +6 ring of strength
MPRegen  0.10/turn              B - +6 ring of strength

@: berserking (expiring), resistant, regenerating, quick
A: +LOS, swims, slowness 1, strong legs 1
a: Hop, Berserk, Trog's Hand, Burn Spellbooks, Renounce Religion


You were in the Dungeon.
You worshipped Trog.
Trog was pleased with you.
You were not hungry.

You visited 1 branch

Inventory:

Hand Weapons
 a - the +6 shillelagh "Devastator" (weapon) {shatter}
   (You found it in the Dungeon)
 b - a +6 blowgun
Armour
 w - the +15 Maxwell's patent armour (worn) {-Cast -Tele rElec MR+ rCorr}
   (You found it in the Dungeon)

   It insulates you from electricity.
   It affects your resistance to hostile enchantments.
   It prevents spellcasting.
   It prevents most forms of teleportation.
   It protects you from acid and corrosion.
 x - the +18 shield of the Gong (worn) {rElec rN+ MR+ EV-5}
   (You found it in the Dungeon)

   It affects your evasion (-5).
   It insulates you from electricity.
   It protects you from negative energy.
   It affects your resistance to hostile enchantments.
Jewellery
 A - a +6 ring of strength (left hand)
 B - a +6 ring of strength (right hand)
Wands
 C - a wand of disintegration (7)
 D - a wand of iceblast (6)
 E - a wand of acid (6)
Scrolls
 k - 4 scrolls of blinking
 q - 4 scrolls of amnesia
 r - 7 scrolls of fog
 s - a scroll of holy word
 t - 5 scrolls of identify
 u - 5 scrolls of remove curse
 v - 2 scrolls of fear
Potions
 d - 6 potions of might
 e - 10 potions of curing
 g - 9 potions of heal wounds
 h - 6 potions of haste
 i - 7 potions of magic
 j - 3 potions of berserk rage
 l - 2 potions of brilliance
 m - 2 potions of invisibility
 n - 3 potions of resistance
 o - a potion of experience
 p - 5 potions of agility
Comestibles
 f - 7 rations


   Skills:
 + Level 9.0 Fighting
 + Level 5.0 Maces & Flails
 * Level 3.1 Throwing
 + Level 8.9 Armour
 + Level 8.2 Shields


You had 5 spell levels left.
You didn't know any spells.

Dungeon Overview and Level Annotations

Branches:
Dungeon (1/1)

Altars:
Ashenzari
Cheibriados
Dithmenos
Elyvilon
Fedhas
Gozag
Hepliaklqana
Kikubaaqudgha
Makhleb
Nemelex Xobeh
Okawaru
Qazlal
Ru
Sif Muna
Trog
Uskayaw
Vehumet
Wu Jian
Xom
Yredelemnul
Zin
The Shining One
Beogh
Jiyva
Lugonu

Annotations:
D 1 transporter


Innate Abilities, Weirdness & Mutations

Shadows flee at your approach. (+LOS)
You can swim through water.
You cover ground slowly.
You can hop short distances.


Message History

You feel the effects of Trog's Hand fading.
Abous hits you!!
* * * LOW HITPOINT WARNING * * *
You writhe in agony.
* * * LOW HITPOINT WARNING * * *
Press: ? - help, v - describe, . - travel The floor.
You bludgeon Abous!!
Abous shudders.
Abous is lightly wounded.
Abous hits you!!
* * * LOW HITPOINT WARNING * * *
Unknown command.
You barely miss Abous.
Abous is lightly wounded.
You block Abous's attack.
GONNNNG!
You hit Abous but do no damage.
Abous is lightly wounded.
Abous hits you but does no damage.
You writhe in agony.
You die...

▓▓▓▓▓▓▓▓▓▓▓▓▓▓▓▓▓▓▓
▓.8©8.▓.8©8.▓.8©8.▓
▓.}[[.▓.)}=.▓.....▓
▓..)..▓.....▓...=.▓
▓.....▓.....▓.....▓
▓.....▓.....▓..†..▓
▓..&..▓.....▓..©..▓
▓..@..▓..©..▓▓▓▓▓▓▓
▓▓▓▓▓▓▓▓▓▓▓▓▓


You could see Abous.

Vanquished Creatures
  A water moccasin (D)
  A black bear (D)
  A wolf (D)
  An adder (D)
  A shadow imp (D)
  2 white imps (D)
  A ball python (D)
8 creatures vanquished.

Notes
Turn   | Place    | Note
-------+----------+-------------------------------------------
     0 | D        | Found the +6 Majin-Bo {vamp, Archmagi MP+6 Int+6}
     0 | D        | Found the +7 great mace "Firestarter" {inner flame, rF++}
     0 | D        | Psiloshibe the Barachi Fighter began the quest for the Orb.
     0 | D        | Reached XP level 1. HP: 18/18 MP: 1/1
     2 | D        | Found a viscous altar of Jiyva.
     2 | D        | Found a hazy altar of Hepliaklqana.
     2 | D        | Found a transporter.
     2 | D        | Found an opulent altar of Gozag.
     2 | D        | Found an ancient bone altar of Kikubaaqudgha.
     2 | D        | Found a corrupted altar of Lugonu.
     3 | D        | Found a burning altar of Makhleb.
    40 | D        | Found the +9 heavy crossbow "Sniper" {velocity, Acc+∞ SInv}
    40 | D        | Found the +10 dark maul {crush}
    40 | D        | Found the +15 Maxwell's patent armour {-Cast -Tele rElec MR+ rCorr}
    40 | D        | Found the +18 shield of the Gong {rElec rN+ MR+ EV-5}
    40 | D        | Found the cursed +14 obsidian axe {chop, +Fly SInv *Curse}
    42 | D        | Found the +6 shillelagh "Devastator" {shatter}
    42 | D        | Found the +11 plutonium sword {*Contam Stlth-}
    42 | D        | Found the +8 lance "Wyrmbane" {slay drac, rPois rF+ rC+ AC+3}
    42 | D        | Found the +9 sword of Zonguldrok {reap}
    42 | D        | Found the cursed +13 scythe of Curses {drain, *Curse}
    42 | D        | Found the +0 sword of Power
    42 | D        | Found the +13 mace of Variability {chaos}
    42 | D        | Found the +7 Singing Sword
    42 | D        | Found the +7 longbow "Piercer" {penet, EV-2}
    86 | D        | Became a worshipper of Trog the Wrathful
   107 | D        | Entered arena 2.
   107 | D        | Noticed a black bear
   107 | D        | Noticed a wolf
   107 | D        | Found a transporter.
   108 | D        | Killed a wolf
   108 | D        | Reached skill level 6 in Fighting
   108 | D        | Reached skill level 5 in Shields
   108 | D        | Reached XP level 2. HP: 29/29 MP: 2/2
   108 | D        | Reached XP level 3. HP: 35/35 MP: 3/3
   108 | D        | Reached XP level 4. HP: 41/41 MP: 4/4
   109 | D        | Killed a black bear
   109 | D        | Reached skill level 8 in Fighting
   109 | D        | Reached XP level 5. HP: 49/49 MP: 5/5
   120 | D        | Entered arena 3.
   120 | D        | Noticed a water moccasin
   120 | D        | Found a transporter.
   128 | D        | Killed a water moccasin
   128 | D        | Reached * piety under Trog
   128 | D        | Reached skill level 5 in Maces & Flails
   128 | D        | Reached XP level 6. HP: 57/57 MP: 6/6
   129 | D        | Reached skill level 9 in Fighting
   137 | D        | Entered arena 4.
   137 | D        | Noticed Abous the pandemonium lord
   137 | D        | Found a transporter.
   138 | D        | Found the +3 robe of Folly {Archmagi, MR-- Int+5}
   139 | D        | Reached ** piety under Trog
   152 | D        | HP: 1/87 [Abous the pandemonium lord (18)]
   154 | D        | Slain by Abous the pandemonium lord

Skill      XL: |  1  2  3  4  5  6 |
---------------+-------------------+-----
Fighting       | 6 8 9 |  9.0
Maces & Flails | 3 4 5 |  5.0
Armour         | 6 8 |  8.9
Shields        | 5 7 8 |  8.2
Throwing       | 2 3 |  3.1

Action                   |  1- 3 |  4- 6 || total
-------------------------+-------+-------++-------
Melee: Shillelagh        |     1 |    20 ||    21
Invok: Berserk           |       |     1 ||     1
       Trog's Hand       |       |     1 ||     1
Evoke: Wand              |       |     2 ||     2
  Use: Potion            |       |     2 ||     2
Armor: Plate armour      |       |    11 ||    11
Block: Shield            |       |    32 ||    32
